 Dungeon Crawl Stone Soup version 0.26-a0-149-g49b1be5409 (webtiles) character file.

Game seed: 11754054524128951308

0 Gargoyl the Skirmisher (level 1, 0/15 HPs)
             Began as a Centaur Abyssal Knight on June 30, 2020.
             Was a Follower of Lugonu.
             Killed by nerve-wracking pain
             ... invoked by a tormentor
              (4 damage)
             ... on level 1 of the Abyss.
             The game lasted 00:00:57 (170 turns).

Gargoyl the Skirmisher (Centaur Abyssal Knight)      Turns: 170, Time: 00:00:58

Health: 0/15       AC:  4    Str: 10      XL:     1   Next: 0%
Magic:  2/2        EV:  8    Int:  6 (7)  God:    Lugonu [*.....]
Gold:   11         SH:  0    Dex:  3 (4)  Spells: 0/0 levels left

rFire    . . .     SeeInvis .   a - +1 hand axe
rCold    . . .     Faith    .   (no shield)
rNeg     . . .     Spirit   .   b - +0 leather armour
rPois    .         Reflect  .   (no helmet)
rElec    .         Harm     .   (no cloak)
rCorr    .         Rnd*Rage +   (no gloves)
MR       .....                  (no barding)
Stlth    ..........             (no amulet)
HPRegen  0.05/turn              (no ring)
MPRegen  0.08/turn              (no ring)

@: very quick
A: large, hooves 3, [berserk 2], [clumsy 2], deformed body, [deterioration 2],
[dopey 2], speed 2, [frail 2], tough skin 3, [weak 2]
a: Depart the Abyss, Renounce Religion


You were on level 1 of the Abyss.
You worshipped Lugonu.
Lugonu was aware of your devotion.
You were not hungry.

You visited 0 branches of the dungeon, and saw 0 of its levels.
You visited the Abyss 1 time.

You collected 11 gold pieces.

Inventory:

Hand Weapons
 a - a +1 hand axe (weapon)
Armour
 b - a +0 leather armour (worn)
 d - a +0 helmet
Comestibles
 c - 2 rations


   Skills:
 + Level 3.0 Fighting
 + Level 1.7 Axes
 + Level 1.3 Armour
 + Level 0.6 Dodging
 + Level 2.0 Invocations


You couldn't memorise any spells.
You didn't know any spells.
Your spell library was empty.

Dungeon Overview and Level Annotations

Branches:
Dungeon (0/15)

Altars:


Innate Abilities, Weirdness & Mutations

You have hooves in place of feet.
Armour fits poorly on your strangely shaped body.
You cover ground very quickly.
You have extremely tough skin. (AC +3)
[You often lose your temper in combat.]
[You are very clumsy. (Dex -4)]
[Your body often deteriorates upon taking damage.]
[You are very dopey. (Int -4)]
[You are very frail. (-20% HP)]
[You are very weak. (Str -4)]


Message History

A large abomination comes into view.
The tormentor gestures at you. Pain shoots through your body!
Your body deteriorates!
You feel clumsy.
The tormentor calls on the powers of darkness!
Your body is wracked with pain!
The tormentor screams, "You will die horribly!"
The tormentor gestures at you. Pain shoots through your body!
* * * LOW HITPOINT WARNING * * *
Your body deteriorates!
You feel dopey.
Found a helmet.
Found a gateway leading deeper into the Abyss.
A sixfirhy comes into view.
The sixfirhy moves out of view.
You see here a helmet.
d - a helmet The tormentor gestures at you.
Pain shoots through your body!
You die...

#...# ..#
##..###.#### #.
..##..##..##..##..
>.....2..........
................
.. #. ##..##..# ..
#..##..##..##..# .
.................
...#.#.##.@#.....
.##....#...## ###
. ..#.#..#
..#.#.... #..
#..#. ## #.. #.
#.# #.


You could see a tormentor.

Vanquished Creatures (others)
  2 starspawn tentacles (Abyss:1)
2 creatures vanquished.

Notes
Turn   | Place    | Note
-------+----------+-------------------------------------------
     0 | Abyss:1  | Gargoyl the Centaur Abyssal Knight began the quest for the
                  | Orb.
     0 | Abyss:1  | Reached XP level 1. HP: 19/19 MP: 2/2
    29 | Abyss:1  | Noticed a fire giant zombie
    68 | Abyss:1  | Noticed a starcursed mass
    78 | Abyss:1  | Noticed a wretched star
   121 | Abyss:1  | Noticed a tentacled starspawn
   124 | Abyss:1  | Found a blossoming altar of Fedhas.
   125 | Abyss:1  | Noticed a bone dragon
   147 | Abyss:1  | Noticed a tormentor
   150 | Abyss:1  | Noticed a large abomination
   167 | Abyss:1  | Noticed a sixfirhy
   170 | Abyss:1  | Killed from afar by a tormentor

Illustrated notes

Levels and vault maps discovered:
Abyss:1:  bh_abyss_xom_lugonu_altar, hangedman_abyss_or_decor_passed

Action                   || total
-------------------------++-------
  Use: Potion            ||     2
       Scroll            ||     1

Table legend:
 A = Non-vault XP
 B = Vault XP
 C = Vault XP percentage of total XP
 D = Non-vault monster count
 E = Vault monster count
 F = Vault count percentage of total count
                 A         B        C        D         E       F
            +---------+---------+-------+---------+---------+-------
      Total |       0 |       0 |   N/A |       0 |       0 |  -nan
            +---------+---------+-------+---------+---------+-------
            +---------+---------+-------+---------+---------+-------
